 Dungeon Crawl Stone Soup version 0.30-a0-3-gc9032a9cac (webtiles) character file.

Game seed: 1790321568663633385

149 BritishOli the Trooper (level 5, -2/42 HPs)
             Began as a Demonspawn Fighter on Aug 20, 2022.
             Frozen to death by an endoplasm (4 damage)
             ... on level 4 of the Dungeon.
             The game lasted 00:02:23 (3392 turns).

BritishOli the Trooper (Demonspawn Fighter)         Turns: 3392, Time: 00:02:24

Health: -2/42      AC: 11    Str: 19    XL:     5   Next: 9%
Magic:  5/5        EV:  2    Int:  9    God:
Gold:   188        SH:  4    Dex: 12    Spells: 4/4 levels left

rFire   . . .      SeeInvis .    a - +0 long sword
rCold   . . .      Faith    .    c - +0 buckler
rNeg    . . .      Spirit   .    s - +0 plate armour
rPois   .          Reflect  .    (no helmet)
rElec   .          Harm     .    (no cloak)
rCorr   .          Rampage  .    (no gloves)
Will    .....                    (no boots)
Stlth   ..........               (no amulet)
HPRegen 0.14/turn                (no ring)
MPRegen 0.09/turn                (no ring)

@: constricted
A: claws 1, demonic magic 1
a: no special abilities


You were on level 4 of the Dungeon.
You visited 1 branch of the dungeon, and saw 4 of its levels.

You collected 188 gold pieces.

Inventory:

Hand Weapons
 a - a +0 long sword (weapon)
Missiles
 n - 2 javelins (quivered)
Armour
 b - a +0 scale mail
 c - a +0 buckler (worn)
 s - a +0 plate armour (worn)
Jewellery
 l - an amulet of the acrobat
 r - an amulet of magic regeneration
Scrolls
 f - 5 scrolls of teleportation {unknown}
 g - 2 scrolls of poison {unknown}
 j - a scroll of amnesia {unknown}
 k - a scroll of identify {unknown}
 q - 2 scrolls of immolation {unknown}
 t - a scroll of enchant armour {unknown}
Potions
 d - 2 potions of might
 e - a potion of curing
 h - a potion of berserk rage {unknown}
 i - a potion of heal wounds {unknown}
 m - a potion of lignification {unknown}
 o - a potion of brilliance {unknown}
 p - a potion of haste


   Skills:
 * Level 4.0 Fighting
 * Level 3.0 Long Blades
 + Level 3.3 Armour
 + Level 3.4 Shields


You had 4 spell levels left.
You didn't know any spells.
Your spell library contained the following spells:

 Spells                   Type           Power      Damage    Failure   Level
 Sting                    Tmut/Pois      0%         1d3       100%        1
 Poisonous Vapours        Pois/Air       0%         N/A       100%        2
 Confusing Touch          Hex            0%         N/A       100%        3
 Olgreb's Toxic Radiance  Pois           0%         N/A       100%        4
 Yara's Violent Unravell  Hex/Tmut       0%         3d3       100%        5
 Enfeeble                 Hex            0%         N/A       100%        7


Dungeon Overview and Level Annotations

Branches:
Dungeon (4/15)
 Temple: D:4-7

Altars:
Wu Jian
Xom


Innate Abilities, Weirdness & Mutations

You have sharp fingernails.
Spells you cast may paralyse adjacent enemies.


Message History

The ball python bites you but does no damage.
The ball python constricts you.
The howler monkey hoots and howls with incredible vigour!
The endoplasm hits you but does no damage.
The ball python bites you but does no damage.
The ball python constricts you.
You hear a shout! x3
The howler monkey hits you. The ball python bites you.
The ball python constricts you.
The endoplasm hits you but does no damage.
The howler monkey hits you but does no damage.
The ball python bites you but does no damage.
The ball python constricts you. The endoplasm freezes you.
You are frozen.
* * * LOW HITPOINT WARNING * * *
The howler monkey hits you.
* * * LOW HITPOINT WARNING * * *
The ball python bites you but does no damage.
The ball python constricts you. The endoplasm freezes you.
You are frozen.
* * * LOW HITPOINT WARNING * * *
The howler monkey hits you but does no damage.
The ball python bites you.
* * * LOW HITPOINT WARNING * * *
The ball python constricts you.
The endoplasm hits you but does no damage.
The howler monkey hits you but does no damage.
You block the ball python's attack. The ball python constricts you.
The howler monkey hits you.
* * * LOW HITPOINT WARNING * * *
The endoplasm hits you but does no damage.
The ball python bites you but does no damage.
The ball python constricts you.
The howler monkey hoots and howls with incredible vigour!
You block the ball python's attack. The ball python constricts you.
The endoplasm freezes you.
You are frozen.
You die...

##### ### #...# #####.#
#...# #....[# #...#
#.###.#
#####...####.#...######
.......S.).............>
###..J@####.#.######.#.
#..h## #.#.....##.# #...
#.#...#.##)# #.).
#.#####.##.#. #...
#.#.....##.#. ####
#.#.#####....
#.#..........
#.######..###
#)##.....##


You could see a howler monkey, an endoplasm and a ball python.

Vanquished Creatures
  A vampire bat (D:4)
  4 adders
  3 worms (D:2)
  A dart slug (D:1)
  An orc (D:3)
  5 endoplasms
  7 giant cockroaches
  6 goblins
  3 hobgoblins
  2 quokkas
  7 ball pythons
  10 bats
  2 frilled lizards
  4 kobolds
  4 rats
60 creatures vanquished.

Vanquished Creatures (others)
  2 plants (D:1)
  5 toadstools (D:1)
7 creatures vanquished.

Grand Total: 67 creatures vanquished

Notes
Turn   | Place    | Note
-------+----------+-------------------------------------------
     0 | D:1      | BritishOli the Demonspawn Fighter began the quest for the
                  | Orb.
     0 | D:1      | Reached XP level 1. HP: 18/18 MP: 1/1
   193 | D:1      | Gained mutation: You have sharp fingernails. [demonic
                  | ancestry]
   193 | D:1      | Reached XP level 2. HP: 21/24 MP: 2/2
   956 | D:2      | Reached XP level 3. HP: 6/29 MP: 3/3
  2235 | D:3      | Reached XP level 4. HP: 35/35 MP: 4/4
  2586 | D:3      | Found a shimmering altar of Xom.
  2586 | D:3      | Found an ornate altar of the Wu Jian Council.
  2610 | D:3      | Found a faded altar of an unknown god.
  3192 | D:4      | Reached skill level 4 in Fighting
  3192 | D:4      | Gained mutation: Spells you cast may paralyse adjacent
                  | enemies. [demonic ancestry]
  3192 | D:4      | Reached XP level 5. HP: 42/42 MP: 5/5
  3391 | D:4      | HP: 2/42 [howler monkey (2)]
  3392 | D:4      | Frozen to death by an endoplasm

Illustrated notes

Levels and vault maps discovered:
D:1:      ldierk_walled_garden, layout_rooms
D:2:      layout_basic, minmay_bisected
D:3:      layout_loops_ring, nicolae_overflow_two_pavilions,
          shapermc_ecumenical_altar_flowoftime, serial_bayou_pond_a
D:4:      layout_basic, nicolae_overflow_crystal_walls,
          nicolae_ru_great_annihilating_truth, roderic_batcave

Skill      XL: |  1  2  3  4  5 |
---------------+----------------+-----
Long Blades    | 2 3 |  3.0
Shields        | 3 |  3.4
Armour         | 3 |  3.3
Fighting       | 4 |  4.0

Action                   |  1- 3 |  4- 6 || total
-------------------------+-------+-------++-------
Melee: Long sword        |   126 |    78 ||   204
  Use: Potion            |     1 |       ||     1
Armor: Scale mail        |    62 |     5 ||    67
       Plate armour      |       |   129 ||   129
Dodge: Dodged            |    59 |    31 ||    90
Block: Buckler           |    31 |    44 ||    75

Table legend: (Time is in decaauts)
 A = Elapsed time spent in this place.
 B = Non-inter-level travel time spent in this place.
 C = Inter-level travel time spent in this place.
 D = Time resting spent in this place.
 E = Time spent auto-exploring this place.
 F = Levels seen in this place.
 G = Mean time per level.
                   A        B        C        D        E       F      G
               +--------+--------+--------+--------+--------+-----+--------+
         Total |   3458 |   3373 |     85 |    274 |   2600 |   4 |  864.5 |
       Dungeon |   3458 |   3373 |     85 |    274 |   2600 |   4 |  864.5 |
               +--------+--------+--------+--------+--------+-----+--------+

Top non-repeatable levels by time:
     D:2: 1581 daAuts
     D:3: 782 daAuts
     D:1: 566 daAuts
     D:4: 527 daAuts
